AoeStats
← 夏天九号

Arabian Desert

509554007Analyzed
1v1 RM · 4d ago on Sep 27, 2026· 21m 46s· 2 players
Game mode
Random Map
Map size
Tiny (2 player)
Population
200
Speed
Normal
Resources
Standard
Victory
Conquest
Starting age
Dark Age
Ending age
Imperial Age
RankedLock teamsTeams togetherTeam positionsShared explorationLock speedFull tech treeHidden civsTurbo modeCheats
Victory
Defeat
🇩🇰 Maya · Denmark
2095
+7
🇨🇳 Poles · China
1866
-7
夏天九号
6:12 Loom
8:43 Feudal Age
9:21 Double-Bit Axe
13:24 Horse Collar
17:42 Wheelbarrow
17:59 Town Watch
19:41 Gold Mining
22:06 Castle Age
20:55 Stone Mining
22:28 Bloodlines
22:25 Scale Barding Armor
Harty
0:25 Loom
9:18 Feudal Age
9:21 Man-at-Arms
12:22 Double-Bit Axe
19:36 Castle Age
18:09 Fletching
18:44 Gold Mining
20:27 Bodkin Arrow
19:57 Crossbowman
22:55 Wheelbarrow
22:02 Horse Collar
Connection lost

Rejoining the realm…

Still unreachable

The connection could not be restored.

Session expired

The server has moved on; the page needs a fresh start.